cohdb
Replays
Latest Replays
All Replays
Popular Replays
Top Player Replays
Match Explorer
How It Works
Community
CoH3 Stats
Reddit
Sign in to upload your games and track your stats! →
Sign in with Steam
Match 45217565
Unlisted
Match 45217565
Overview
Messages
Build Orders
End
Construct Weapon Support Center
Engineer Squad
Selects Armored Battlegroup
Selects Assault Engineers
M1919 Machine Gun Team
Assault Engineer Squad
M1919 Machine Gun Team
Infantry Support Center
Construct Medical Station
M3 Armored Personnel Carrier
Assault Engineer Squad
M3 Armored Personnel Carrier
M1919 Machine Gun Team
Assault Engineer Squad
M3 Armored Personnel Carrier
Selects Strength in Steel
Construct Tank Depot
M3 Armored Personnel Carrier
Selects Seek and Destroy
Assault Engineer Squad
Bubbciss
wula
Patton
18918848
UA - ♠ $imA ♠
monomono
fengdadagg
不可抱萌物
0
0
Comments
sign in to comment!
No comments posted yet!